AoeStats
← Warcanoe

Hill Fort

505292071Analyzed
2v2 RM · 24d ago on Sep 8, 2026· 15m 37s· 4 players
Game mode
Random Map
Map size
Medium (4 player)
Population
200
Speed
Normal
Resources
Standard
Victory
Conquest
Starting age
Dark Age
Ending age
Imperial Age
RankedLock teamsTeams togetherTeam positionsShared explorationLock speedFull tech treeHidden civsTurbo modeCheats
Victory
Defeat
🇦🇷 Cumans · Argentina
1227
+17
🇦🇷 Maya · Argentina
1223
+17
🇩🇪 Lithuanians · Germany
1272
-18
🇨🇭 Vietnamese · Switzerland
1231
-16
[FT] Rey Tumb:-:ro
6:22 Loom
9:08 Feudal Age
9:54 Double-Bit Axe
11:58 Horse Collar
[FT] MO5CA
0:26 Loom
10:23 Feudal Age
11:05 Double-Bit Axe
14:19 Fletching
Warcanoe
1:56 Loom
11:24 Feudal Age
12:47 Double-Bit Axe
dasmurka
7:16 Loom
10:21 Feudal Age
13:41 Double-Bit Axe
16:53 Castle Age
16:00 Scale Barding Armor
Connection lost

Rejoining the realm…

Still unreachable

The connection could not be restored.

Session expired

The server has moved on; the page needs a fresh start.